 Dungeon Crawl Stone Soup version 0.30-b1-2-g02819fbbbe (webtiles) character file.

Game seed: 7085313204168752595

24448 konarx the Severer (level 12, -4/121 HPs)
             Began as a Minotaur Fighter on Sept 28, 2023.
             Was a High Priest of Makhleb.
             Slain by a yak (9 damage)
             ... on level 9 of the Dungeon.
             The game lasted 00:59:14 (12885 turns).

konarx the Severer (Minotaur Fighter)              Turns: 12885, Time: 00:59:15

Health: -4/121     AC: 11    Str: 26    XL:     12   Next: 80%
Magic:  16/16      EV: 12    Int:  5    God:    Makhleb [*****.]
Gold:   435        SH:  5    Dex: 10    Spells: 11/11 levels left

rFire   . . .        F - +1 hand axe (venom)
rCold   . . .        c - +0 buckler
rNeg    . . .        b - +0 scale mail
rPois   .            (helmet restricted)
rElec   .            (no cloak)
rCorr   +            D - +1 pair of gloves
SInv    .            (no boots)
Will    .....        (no amulet) Stlth
                     e - ring of resist corrosion
HPRegen 0.40/turn    (no ring)
MPRegen 0.15/turn

%: no passive effects
@: lethally poisoned (-4 -> -8), corroded
A: horns 2, retaliatory headbutt, iridescent scales 2, sense surroundings 1,
robust 1
a: Renounce Religion, Minor Destruction, Lesser Servant of Makhleb, Major
Destruction, Greater Servant of Makhleb


You were on level 9 of the Dungeon.
You worshipped Makhleb.
Makhleb was extremely pleased with you.
You visited 4 branches of the dungeon, and saw 14 of its levels.
You also visited: Sewer and Ossuary.

You collected 705 gold pieces.
You spent 270 gold pieces at shops.

Inventory:

Hand Weapons
 F - a +1 hand axe of venom (weapon)
 H - the +4 sling of Udwahej {heavy, Dex+2}
   (You found it on level 4 of the Dungeon)

   Dex:       It affects your dexterity (+2).
Missiles
 i - 6 boomerangs (quivered)
 l - 3 throwing nets
 J - 22 stones
Armour
 b - a +0 scale mail (worn)
 c - a +0 buckler (worn)
 D - a +1 pair of gloves (worn)
Jewellery
 e - a ring of resist corrosion (left hand)
 f - an amulet of guardian spirit
 j - a ring of positive energy
 p - a ring of flight
Wands
 k - a wand of charming (5)
 G - a wand of flame (8)
 L - a wand of mindburst (6)
Scrolls
 a - a scroll of brand weapon {unknown}
 h - a scroll of acquirement {unknown}
 r - 3 scrolls of fog {unknown}
 t - 3 scrolls of fear
 v - 4 scrolls of magic mapping
 x - a scroll of enchant armour {unknown}
 y - 8 scrolls of teleportation
 A - 2 scrolls of blinking
 E - 2 scrolls of enchant weapon {unknown}
 M - a scroll of noise {unknown}
Potions
 d - 3 potions of might
 g - 9 potions of curing
 m - 2 potions of heal wounds
 n - 2 potions of invisibility
 o - a potion of magic
 q - 5 potions of flight
 s - 3 potions of attraction
 u - a potion of ambrosia
 z - 2 potions of berserk rage
 B - a potion of cancellation
 C - a potion of resistance {unknown}
 I - 3 potions of haste
 K - a potion of brilliance {unknown}


   Skills:
 + Level 11.4 Fighting
 + Level 15.0 Axes
 + Level 3.3 Throwing
 + Level 12.2 Armour
 + Level 6.4 Dodging
 + Level 8.3 Shields
 * Level 7.8 Invocations


You had 11 spell levels left.
You didn't know any spells.
Your spell library contained the following spells:

 Spells                   Type           Power      Damage    Failure   Level
 Portal Projectile        Hex/Tloc       0%         N/A       98%         3
 Tukima's Dance           Hex            0%         N/A       98%         3
 Petrify                  Tmut/Erth      0%         N/A       100%        4
 Blade Hands              Tmut           0%         N/A       100%        5
 Metabolic Englaciation   Hex/Ice        0%         N/A       100%        5
 Statue Form              Tmut/Erth      0%         N/A       100%        6


Dungeon Overview and Level Annotations

Branches:
Dungeon (9/15)             Temple (1/1) D:6            Lair (3/5) D:8
  Swamp (1/4) Lair:2        Sewer (visited)         Ossuary (visited)
  Snake: Lair:2-3    Spider: Lair:2-3       Orc: D:9-12

Altars:
Ashenzari
Cheibriados
Dithmenos
Elyvilon
Fedhas
Gozag
Hepliaklqana
Kikubaaqudgha
Makhleb
Nemelex Xobeh
Okawaru
Qazlal
Ru
Sif Muna
Trog
Uskayaw
Vehumet
Wu Jian
Xom
Yredelemnul
Zin
The Shining One

Shops:
D:1 [   D:2 (   D:3 !   D:4 =


Innate Abilities, Weirdness & Mutations

You have a pair of horns on your head.
You reflexively headbutt those who attack you in melee.
You are mostly covered in iridescent scales. (AC +4)
You passively map a small area around you.
You are robust. (+10% HP)


Message History

You closely miss the hornet.
You feel sick.
The hornet stings you but does no damage.
You hit the hornet but do no damage.
The hornet is poisoned.
You feel sick.
The hornet stings you but does no damage.
You hit the hornet but do no damage.
The hornet looks even sicker.
The hornet is lightly wounded.
You feel sick. The hornet barely misses you. You furiously retaliate!
You headbutt the hornet! You hit the hornet but do no damage.
The hornet looks as sick as possible!
The hornet is heavily wounded.
You feel sick. The hornet stings you!
You are more poisoned.
You feel yourself slow down.
You barely miss the hornet.
You headbutt the hornet, but do no damage.
The hornet is severely wounded.
You feel very sick.
You kill the hornet!
Makhleb accepts your kill.
You feel very sick.
A yak comes into view.
The yak bellows!
You hit the yak.
The yak is poisoned.
The yak is lightly wounded.
You feel yourself speed up.
You feel very sick. The yak gores you!
* * * LOW HITPOINT WARNING * * *
You barely miss the yak. You headbutt the yak, but do no damage.
The yak is lightly wounded.
You feel sick.
You hit the yak but do no damage.
The yak looks as sick as possible!
The yak is lightly wounded.
You feel sick. The yak gores you but does no damage.
You closely miss the yak.
The yak is lightly wounded.
You hit the yak but do no damage.
You feel sick. The yak gores you!
* * * LOW HITPOINT WARNING * * *
The yak gores you!
You die...

................, , , , *
................... , .. ,
...#.............. ...
#.##............# .... ,
.#..#†......#....###Y...
....<†.....###........##
.....†)................#
##...............Y......,,
##.............@Y..#
#...............$..# , *
###...................
#.............#......
#...>........#......# *
#..#......#..#.......
..........#..#.......
..................... , *
* ......#.####..


You could see 3 yaks.

Vanquished Creatures
  A catoblepas (Lair:1)
  A centaur warrior (D:9)
  2 boulder beetles
  2 bog bodies (Lair:2)
  A black mamba (Lair:3)
  8 cane toads
  Maggie (D:7)
  2 rime drakes
  7 komodo dragons
  A tyrant leech (Swamp:1)
  15 blink frogs
  Grinder (D:3)
  A hornet (D:9)
  2 dream sheep (Lair:3)
  2 jumping spiders (Lair:3)
  4 wyverns
  A redback (Lair:3)
  37 yaks
  A basilisk (D:8)
  Edmund (D:6)
  9 water moccasins
  An acid dragon (D:9)
  5 black bears (Lair:1)
  An orc warrior (D:4)
  2 ice beasts
  An ogre (D:7)
  3 centaurs
  3 phantoms
  A kobold brigand (D:8)
  7 bullfrogs
  A gnoll sergeant (D:5)
  16 scorpions
  15 killer bees
  A howler monkey (D:6)
  2 centaur zombies (Ossuary)
  2 hounds
  A jelly (D:5)
  5 orc priests
  3 gnoll boudas
  3 human zombies (Ossuary)
  2 sleepcaps
  4 iguanas
  2 scorpion zombies (Ossuary)
  4 orc wizards
  3 mummies (Ossuary)
  14 gnolls
  7 adders
  5 shadow imps
  2 worms
  3 dart slugs
  31 orcs
  7 ball pythons
  4 bats
  7 endoplasms
  9 giant cockroaches
  3 goblins
  3 hobgoblins
  2 jackals (D:3)
  5 quokkas
  4 frilled lizards
  6 gnoll zombies (Ossuary)
  5 goblin zombies
  A hobgoblin zombie (Ossuary)
  23 kobolds
  4 kobold zombies (Ossuary)
  4 rats
337 creatures vanquished.

Vanquished Creatures (others)
  8 foxfires (Swamp:1)
  15 fungi
  26 plants
49 creatures vanquished.

Grand Total: 386 creatures vanquished

Notes
Turn   | Place    | Note
-------+----------+-------------------------------------------
     0 | D:1      | konarx the Minotaur Fighter began the quest for the Orb.
     0 | D:1      | Reached XP level 1. HP: 19/19 MP: 0/0
    68 | D:1      | Reached XP level 2. HP: 23/27 MP: 1/1
   180 | D:1      | Found Hyopo's Armour Shoppe.
   655 | D:2      | Reached skill level 3 in Axes
   655 | D:2      | Reached XP level 3. HP: 25/33 MP: 2/2
   760 | D:2      | Found Inujyrr's Weapon Boutique.
  1444 | D:3      | Noticed Grinder
  1462 | D:3      | Killed Grinder
  1463 | D:3      | Reached skill level 4 in Axes
  1463 | D:3      | Reached skill level 5 in Armour
  1463 | D:3      | Reached XP level 4. HP: 26/41 MP: 3/3
  1463 | D:3      | Reached XP level 5. HP: 30/47 MP: 4/4
  1560 | D:3      | Reached skill level 5 in Axes
  1668 | D:3      | Reached skill level 1 in Dodging
  1770 | D:3      | Found Mecsy's Distillery.
  1774 | D:3      | Bought a potion of degeneration for 10 gold pieces
  1774 | D:3      | Bought a potion of mutation for 80 gold pieces
  1774 | D:3      | Bought a potion of invisibility for 80 gold pieces
  1778 | D:3      | Gained mutation: You are robust. (+10% HP) [potion of
                  | mutation]
  1778 | D:3      | Gained mutation: You passively map a small area around you.
                  | [potion of mutation]
  1778 | D:3      | Gained mutation: You are partially covered in iridescent
                  | scales. (AC +2) [potion of mutation]
  1778 | D:3      | Gained mutation: You are mostly covered in iridescent
                  | scales. (AC +4) [potion of mutation]
  1925 | D:3      | Reached XP level 6. HP: 58/58 MP: 5/5
  1948 | D:3      | Found a faded altar of an unknown god.
  2237 | D:3      | You fall into a shaft and drop 3 floors!
  2246 | D:6      | Found a glowing drain.
  2279 | Sewer    | Entered a sewer
  2556 | D:6      | Noticed a water moccasin
  2561 | D:6      | Killed a water moccasin
  2562 | D:6      | Reached skill level 6 in Axes
  2603 | D:6      | Found a snail-covered altar of Cheibriados.
  2679 | D:6      | Noticed an ice beast
  2685 | D:6      | Killed an ice beast
  2686 | D:6      | Reached XP level 7. HP: 66/66 MP: 6/6
  2763 | D:6      | Noticed Edmund
  2775 | D:6      | Killed Edmund
  2776 | D:6      | Reached skill level 5 in Fighting
  2776 | D:6      | Reached skill level 7 in Axes
  3049 | D:6      | Reached skill level 8 in Axes
  3052 | D:6      | Reached XP level 8. HP: 50/77 MP: 7/7
  3369 | D:6      | Found a staircase to the Ecumenical Temple.
  3375 | Temple   | Entered the Ecumenical Temple
  3569 | Temple   | Became a worshipper of Makhleb the Destroyer
  3694 | D:5      | Entered Level 5 of the Dungeon
  3726 | D:5      | Reached skill level 5 in Shields
  3888 | D:5      | Found a sand-covered staircase.
  3900 | Ossuary  | Entered an ossuary
  3935 | Ossuary  | Reached * piety under Makhleb
  3969 | Ossuary  | Reached skill level 9 in Axes
  4147 | Ossuary  | Reached XP level 9. HP: 52/85 MP: 8/8
  4249 | Ossuary  | Reached skill level 10 in Axes
  4301 | Ossuary  | Reached ** piety under Makhleb
  5134 | D:4      | Found a transporter.
  5293 | D:4      | Found Tolig Ydi's Jewellery Emporium.
  5613 | D:4      | Reached skill level 11 in Axes
  5712 | D:4      | Found a transporter.
  6181 | D:4      | Reached skill level 1 in Throwing
  6190 | D:4      | Identified the +4 sling of Udwahej {heavy, Dex+2}
  6359 | D:3      | Found an iron altar of Okawaru.
  6359 | D:3      | Found a glowing silver altar of Zin.
  6359 | D:3      | Found an ornate altar of the Wu Jian Council.
  6559 | D:3      | Bought a potion of haste for 100 gold pieces
  6966 | D:7      | Noticed Maggie
  6983 | D:7      | Killed Maggie
  6983 | D:7      | Reached *** piety under Makhleb
  6984 | D:7      | Reached skill level 1 in Invocations
  7427 | D:7      | Reached skill level 12 in Axes
  7427 | D:7      | Reached XP level 10. HP: 50/96 MP: 10/10
  7768 | D:8      | Found a staircase to the Lair.
  8176 | D:8      | Reached **** piety under Makhleb
  8507 | Lair:1   | Entered Level 1 of the Lair of Beasts
  8553 | Lair:1   | Noticed a cane toad
  8562 | Lair:1   | Killed a cane toad
  8563 | Lair:1   | Reached skill level 13 in Axes
  8574 | Lair:1   | Noticed a boulder beetle
  8604 | Lair:1   | Reached XP level 11. HP: 37/104 MP: 13/13
  8616 | Lair:1   | Killed a boulder beetle
  8634 | Lair:1   | Reached skill level 5 in Dodging
  8641 | Lair:1   | Reached skill level 5 in Invocations
  8875 | Lair:1   | Reached skill level 10 in Armour
  9009 | Lair:1   | Noticed a catoblepas
  9042 | Lair:1   | Killed a catoblepas
  9043 | Lair:1   | Reached skill level 14 in Axes
  9270 | Lair:1   | Reached ***** piety under Makhleb
  9342 | Lair:1   | Identified the +7 trident "Wietaim" {venom, *Corrode rC+
                  | rN++ Dex+3}
 10545 | Lair:2   | Reached XP level 12. HP: 112/116 MP: 15/15
 10572 | Lair:2   | Reached skill level 10 in Fighting
 10990 | Lair:2   | Noticed a boulder beetle
 11018 | Lair:2   | Killed a boulder beetle
 11199 | Lair:2   | Found a staircase to the Swamp.
 12339 | Lair:3   | Noticed a five-headed hydra
 12468 | Swamp:1  | Entered Level 1 of the Swamp
 12478 | Swamp:1  | Noticed a five-headed hydra
 12833 | D:9      | Noticed a centaur warrior
 12851 | D:9      | Killed a centaur warrior
 12852 | D:9      | Reached skill level 15 in Axes
 12870 | D:9      | Paralysed by a hornet for 1 turns
 12885 | D:9      | HP: 5/121 [yak (10)]
 12885 | D:9      | Slain by a yak

Illustrated notes

Levels and vault maps discovered:
D:1:      mainiacjoe_arrival_reflecting_pool, layout_basic, serial_shops,
          nicolae_shop_real_fake_doors, patterned_corridor
D:2:      layout_loops_cross, serial_shops, shop_statue, minmay_crystal_room
D:3:      layout_loops_corners, gammafunk_temple_overflow_forgotten,
          basic_ecumenical_altar, serial_shops,
          nicolae_shop_tiny_real_fake_doors, uniq_grinder
D:4:      gammafunk_wand_slinger, layout_loops_cross, serial_shops,
          nicolae_square_shop
D:5:      layout_basic, enter_ossuary_3
D:6:      layout_loops_cross, slow_altar_1, minmay_temple_entry_enclosed_plants,
          portal_sewer_entry_f, minmay_misc_feat_tiny, uniq_edmund
D:7:      layout_basic, uniq_maggie
D:8:      layout_rooms, minmay_lair_entry_grove
D:9:      layout_cave_pools, grunt_decor_arrowhead
Temple:   regret_index_temple_chain_breaker
Lair:1:   layout_cave_pods, st_stairs_7, beast_lair_carwin_5, grunt_megastairs_3
Lair:2:   layout_concentric_octagons, skrybe_swamp_entry_bodies,
          serial_bayou_pond_a, st_stairs_9, grunt_megastairs_2,
          lemuel_fruit_fields, infiniplex_staircase_pool_2
Lair:3:   layout_long_grid, spider_nest_entry_a, dreamdust_gnoll_shepherd,
          grunt_megastairs_1
Swamp:1:  layout_basic_swamp, lemuel_altar_in_water2

Skill      XL: |  1  2  3  4  5  6  7  8  9 10 11 12 |
---------------+-------------------------------------+-----
Armour         | 4 5 6 7 8 9 11 12 | 12.2
Shields        | 4 5 6 7 8 |  8.3
Fighting       | 4 5 6 7 8 9 11 | 11.4
Axes           | 3 4 5 6 8 9 12 13 14 15 | 15.0
Dodging        | 1 3 4 5 6 |  6.4
Throwing       | 3 |  3.3
Invocations    | 2 4 6 7 |  7.8

Action                     |  1- 3 |  4- 6 |  7- 9 | 10-12 || total
---------------------------+-------+-------+-------+-------++-------
  Melee: War axe           |    78 |   102 |   329 |    36 ||   545
         Headbutt          |     9 |    15 |    57 |   141 ||   222
         Hand axe          |       |       |       |   541 ||   541
  Throw: Boomerang         |       |       |    59 |       ||    59
    Use: Scroll            |     7 |     4 |     5 |     4 ||    20
         Potion            |     1 |     1 |     3 |     3 ||     8
 Armour: Scale mail        |    39 |    47 |   148 |   179 ||   413
  Dodge: Dodged            |    34 |    54 |   181 |   182 ||   451
  Block: Buckler           |    20 |    14 |    64 |    96 ||   194
